 Dungeon Crawl Stone Soup version 0.29.1-2-gbd0b4ee654 (webtiles) character file.

Game seed: 3206327445316447661

271 auqlue the Chopper (level 6, 0/52 HPs)
             Began as a Minotaur Fighter on Nov 4, 2022.
             Killed by nerve-wracking pain
             ... invoked by an orc priest
              (7 damage)
             ... on level 4 of the Dungeon.
             The game lasted 00:13:31 (2963 turns).

auqlue the Chopper (Minotaur Fighter)               Turns: 2963, Time: 00:13:32

Health: 0/52       AC:  7    Str: 23    XL:     6   Next: 2%
Magic:  5/5        EV: 13    Int:  5    God:
Gold:   208        SH:  4    Dex:  9    Spells: 5/5 levels left

rFire   . . .      SeeInvis .   a - +0 war axe
rCold   . . .      Faith    .   c - +0 buckler
rNeg    . . .      Spirit   .   e - +0 scale mail
rPois   +          Reflect  .   (helmet restricted)
rElec   .          Harm     .   (no cloak)
rCorr   .          Rampage  .   (no gloves)
Will    .....                   (no boots)
Stlth   ..........              (no amulet)
HPRegen 0.17/turn               k - +4 ring of evasion
MPRegen 0.09/turn               q - ring of poison resistance

@: no status effects
A: horns 2, retaliatory headbutt
a: no special abilities


You were on level 4 of the Dungeon.
You visited 1 branch of the dungeon, and saw 4 of its levels.

You collected 208 gold pieces.

Inventory:

Hand Weapons
 a - a +0 war axe (weapon)
 b - a +0 sling
Missiles
 j - 3 poisoned darts (quivered)
 n - 2 javelins
Armour
 c - a +0 buckler (worn)
 e - a +0 scale mail (worn)
 m - the +1 robe "Jomatt" {rF++ rCorr SInv}
   (You found it on level 3 of the Dungeon)

   rF:        It greatly protects you from fire.
   SInv:      It lets you see invisible.
   rCorr:     It protects you from acid and corrosion.
Jewellery
 k - a +4 ring of evasion (left hand)
 q - a ring of poison resistance (right hand)
Scrolls
 g - a scroll of poison {unknown}
 h - a scroll of identify
 i - a scroll of butterflies {unknown}
 o - a scroll of magic mapping {unknown}
Potions
 d - 3 potions of might
 f - a potion of invisibility
 l - a potion of curing
 p - a potion of heal wounds
 r - a potion of mutation {unknown}


   Skills:
 + Level 4.0 Fighting
 + Level 7.1 Axes
 + Level 4.0 Armour
 + Level 4.0 Shields


You had 5 spell levels left.
You didn't know any spells.
Your spell library contained the following spells:

 Spells                   Type           Power      Damage    Failure   Level
 Necrotise                Necr           0%         1d4       86%         1
 Scorch                   Fire           0%         2d5       95%         2
 Conjure Flame            Conj/Fire      0%         6-21      99%         3
 Ignite Poison            Fire/Tmut/Pois 0%         N/A       99%         3
 Vampiric Draining        Necr           0%         2d6       99%         3
 Flame Wave               Conj/Fire      0%         2d4       100%        4
 Sticky Flame             Conj/Fire      0%         2d3       100%        4
 Agony                    Necr           0%         N/A       100%        5
 Fireball                 Conj/Fire      0%         3d3       100%        5
 Iskenderun's Battlesphe  Conj           0%         2d6       100%        5
 Conjure Ball Lightning   Conj/Air       0%         3x3d6     100%        6
 Summon Cactus Giant      Summ           0%         N/A       100%        6
 Orb of Destruction       Conj           0%         9d5       100%        7


Dungeon Overview and Level Annotations

Branches:
Dungeon (4/15)
 Temple: D:4-7

Altars:
Uskayaw
Xom

Shops:
D:2 !

Annotations:
D:4 Sigmund


Innate Abilities, Weirdness & Mutations

You have a pair of horns on your head.
You reflexively headbutt those who attack you in melee.


Message History

You kill the orc priest!
The orc priest mumbles some strange prayers to Beogh against you.
Beogh smites you!
Your Fighting skill increases to level 4!
Your Armour skill increases to level 4!
Your Shields skill increases to level 4!
You have reached level 6!
The orc priest hits you but does no damage.
Things that are here:
a +0 club; a +0 leather armour You barely miss the orc priest.
You block the orc priest's attack.
You slash the orc priest! Your headbutt misses the orc priest.
The orc priest is severely wounded.
The orc priest hits you with a +0 short sword.
* * * LOW HITPOINT WARNING * * *
The orc priest looks satisfied for a moment.
An orc comes into view. It is wielding a +0 war axe.
You closely miss the orc priest.
The orc priest is severely wounded.
The orc priest misses you.
You hit the orc priest.
The orc priest is almost dead.
You hit the orc. The orc hits you with a +0 war axe.
* * * LOW HITPOINT WARNING * * *
The orc priest completely misses you. The orc attacks as you move away!
The orc hits you with a +0 war axe.
* * * LOW HITPOINT WARNING * * *
The orc priest calls upon Beogh to heal the orc.
The orc's wounds heal themselves!
You barely miss the orc. The orc closely misses you. You furiously retaliate!
You headbutt the orc!
You kill the orc!
The orc priest hits you with a +0 short sword.
* * * LOW HITPOINT WARNING * * *
Items here: )) [ †.
You closely miss the orc priest.
The orc priest is severely wounded.
The orc priest mumbles some strange prayers to Beogh against you.
Pain shoots through your body!
You die...

######...........#
#...#.#####.#
###...#..).)..#
..#...#.)######
#.#...#..##
#.#..)....+
####.#..######
#o.............
#@##...........
#.#..........##
#.##.#.........
#.#........#.#.
#.#.o.#..#.#.#
#.#.).#..#.# #
#.##'##..# #
#.##.# .# #.#...


You could see an orc priest.

Vanquished Creatures
  A hound (D:3)
  An orc priest (D:4)
  Robin (D:4)
  7 gnolls (D:2)
  4 adders
  7 orcs
  6 endoplasms
  3 giant cockroaches
  9 hobgoblins
  3 jackals (D:1)
  3 quokkas
  8 ball pythons
  9 bats
  10 frilled lizards
  8 goblins
  9 kobolds
  7 rats
96 creatures vanquished.

Notes
Turn   | Place    | Note
-------+----------+-------------------------------------------
     0 | D:1      | auqlue the Minotaur Fighter began the quest for the Orb.
     0 | D:1      | Reached XP level 1. HP: 19/19 MP: 0/0
   173 | D:1      | Reached skill level 3 in Axes
   225 | D:1      | Reached XP level 2. HP: 26/26 MP: 1/1
   621 | D:1      | Reached skill level 4 in Axes
   869 | D:1      | Reached XP level 3. HP: 27/31 MP: 2/2
   916 | D:1      | Found a faded altar of an unknown god.
  1117 | D:2      | Reached skill level 5 in Axes
  1304 | D:2      | Reached XP level 4. HP: 39/39 MP: 3/3
  1713 | D:2      | Reached skill level 6 in Axes
  1723 | D:2      | Reached XP level 5. HP: 21/45 MP: 4/4
  1914 | D:2      | Found Kosyul's Distillery.
  1930 | D:3      | Noticed a +0 hand axe
  1930 | D:3      | Noticed a +0 dagger
  1930 | D:3      | Found a hide-covered altar of Uskayaw.
  1998 | D:3      | Found a shimmering altar of Xom.
  2088 | D:3      | Identified the +1 robe "Jomatt" {rF++ rCorr SInv}
  2735 | D:4      | Noticed Sigmund
  2861 | D:4      | Noticed Robin
  2867 | D:4      | Reached skill level 7 in Axes
  2881 | D:4      | Killed Robin
  2955 | D:4      | Reached XP level 6. HP: 16/52 MP: 5/5
  2963 | D:4      | Killed from afar by an orc priest

Illustrated notes

Levels and vault maps discovered:
D:1:      spicycebolla_green_bress_n_ham_2, layout_basic,
          hellmonk_ecumenical_altar_dog_temple
D:2:      layout_rooms, serial_shops, nicolae_shop_statue_plus,
          uniq_crazy_yiuf_cottage
D:3:      minmay_inner_zag, layout_loops_ring, lemuel_crystal_altar,
          dancing_weapons_uskayaw
D:4:      layout_basic, mainiacjoe_overflow_concentric_impassable,
          nicolae_eternal_life, kennysheep_crisscross,
          dreamdust_princess_corridor, minmay_ruined_shrine, uniq_eustachio,
          uniq_sigmund, uniq_robin

Skill      XL: |  1  2  3  4  5 |
---------------+----------------+-----
Axes           | 3 4 5 6 7 |  7.1
Fighting       | 4 |  4.0
Armour         | 4 |  4.0
Shields        | 4 |  4.0

Action                   |  1- 3 |  4- 6 || total
-------------------------+-------+-------++-------
Melee: War axe           |   113 |    99 ||   212
       Headbutt          |    17 |    13 ||    30
 Fire: Sling             |    30 |    41 ||    71
  Use: Scroll            |       |     3 ||     3
Armor: Scale mail        |    62 |    30 ||    92
Dodge: Dodged            |    50 |    43 ||    93
Block: Buckler           |    22 |    18 ||    40
